 Dungeon Crawl Stone Soup version 0.31-a0-1227-g0136665373 (webtiles) character file.

Game seed: 15096639998851358901

39 BubbleThief the Grave Robber (level 3, -2/24 HPs)
             Began as a Demonspawn Necromancer on Dec 14, 2023.
             Shot with an arrow by a centaur (8 damage)
             ... on level 3 of the Dungeon.
             The game lasted 00:02:00 (1695 turns).

BubbleThief the Grave Robber (DsNe)                 Turns: 1695, Time: 00:02:00

Health: -2/24      AC:  2    Str:  8    XL:     3   Next: 28%
Magic:  3/6        EV: 12    Int: 17    God:
Gold:   162        SH:  0    Dex: 13    Spells: 6/7 levels left

rFire   . . .        h - +0 dagger
rCold   . . .        (no shield)
rNeg    . . .        a - +0 robe
rPois   .            (helmet restricted)
rElec   .            (no cloak)
rCorr   .            (no gloves)
SInv    .            (no boots)
Will    .....        e - amulet of magic regeneration
Stlth   ++           (no ring)
HPRegen 0.24/turn    (no ring)
MPRegen 0.50/turn

%: no passive effects
@: no status effects
A: horns 1
a: no special abilities


You were on level 3 of the Dungeon.
You visited 1 branch of the dungeon, and saw 3 of its levels.

You collected 162 gold pieces.

Inventory:

Hand Weapons
 h - a +0 dagger (weapon)
Armour
 a - a +0 robe (worn)
Magical Staves
 f - a staff of fire
Jewellery
 e - an amulet of magic regeneration (around neck)
 l - an amulet of faith
Scrolls
 d - a scroll of enchant armour {unknown}
 i - 2 scrolls of immolation {unknown}
 k - a scroll of noise {unknown}
Potions
 b - a potion of magic
 c - a potion of degeneration {unknown}
 g - a potion of curing {unknown}
 j - a potion of might {unknown}


   Skills:
 - Level 1.9 Dodging
 - Level 2.0 Stealth
 + Level 2.5 Spellcasting
 * Level 5.1 Necromancy


You had 6 spell levels left.
You knew the following spells:

 Your Spells              Type           Power      Damage    Failure   Level
a - Necrotise             Necr           76%        1d7       2%          1

Your spell library contained the following spells:

 Spells                   Type           Power      Damage    Failure   Level
 Vampiric Draining        Necr           19%        2d7       7%          3
 Animate Dead             Necr           19%        N/A       22%         4
 Agony                    Necr           19%        N/A       52%         5


Dungeon Overview and Level Annotations

Branches:
Dungeon (3/15)

Altars:


Innate Abilities, Weirdness & Mutations

You have a pair of small horns on your head.


Message History

A centaur comes into view.
Aiming: Necrotise (safe; 2% risk of failure)
Press: ? - help, Q - select action Shift-Dir - straight line, f - centaur
Aim: a centaur (wandering, hasn't noticed you, chance to affect: 78%)
The centaur shouts!
The centaur barely resists.
The centaur wields a +0 orcbow.
The centaur shoots an arrow.
The arrow misses you.
Aiming: Necrotise (safe; 2% risk of failure)
Press: ? - help, Q - select action Shift-Dir - straight line, f/p - centaur
Aim: a centaur, wielding a +0 orcbow (chance to affect: 78%)
The centaur writhes in agony.
The centaur shoots an arrow.
The arrow closely misses you.
Unknown command.
Aiming: Necrotise (safe; 2% risk of failure)
Press: ? - help, Q - select action Shift-Dir - straight line, f/p - centaur
Aim: a centaur, wielding a +0 orcbow (moderately wounded, chance to affect: 78%)
The centaur writhes in agony.
Unknown command.
Aiming: Necrotise (safe; 2% risk of failure)
Press: ? - help, Q - select action Shift-Dir - straight line, f/p - centaur
Aim: a centaur, wielding a +0 orcbow (heavily wounded, chance to affect: 78%)
The centaur writhes in agony.
The centaur shoots an arrow.
The arrow closely misses you.
Unknown command.
Aiming: Necrotise (safe; 2% risk of failure)
Press: ? - help, Q - select action Shift-Dir - straight line, f/p - centaur
Aim: a centaur, wielding a +0 orcbow (severely wounded, chance to affect: 78%)
The centaur barely resists.
The centaur shoots an arrow.
The arrow hits you.
Unknown command.
Aiming: Necrotise (safe; 2% risk of failure)
Press: ? - help, Q - select action Shift-Dir - straight line, f/p - centaur
Aim: a centaur, wielding a +0 orcbow (severely wounded, chance to affect: 78%)
The centaur writhes in agony.
The centaur shoots an arrow.
The arrow hits you!
Ouch! That really hurt!
* * * LOW HITPOINT WARNING * * *
The centaur shoots an arrow.
The arrow hits you!
You die...

### ... ... ...
..# .# #.. #.# #.#
.#. ..#####.## #.#
.#. #c. ....
#.##.#. #.#
#.####.#..#.
#@#####......#.##.
#...............#.
#########.......#.
#.........
#.........
#.........
...........
####....)...
#########


You could see a centaur.

Vanquished Creatures
  An adder (D:2)
  3 ball pythons
  A bat (D:2)
  4 endoplasms
  2 giant cockroaches
  5 goblins
  3 hobgoblins
  A quokka (D:1)
  2 frilled lizards
  A kobold (D:1)
  2 rats
25 creatures vanquished.

Vanquished Creatures (collateral kills)
  A ball python (D:2)
1 creature vanquished.

Grand Total: 26 creatures vanquished

Notes
Turn   | Place    | Note
-------+----------+-------------------------------------------
     0 | D:1      | BubbleThief the Demonspawn Necromancer began the quest for
                  | the Orb.
     0 | D:1      | Reached XP level 1. HP: 13/13 MP: 3/3
   344 | D:1      | Found a faded altar of an unknown god.
   463 | D:1      | Gained mutation: You have a pair of small horns on your
                  | head. [demonic ancestry]
   463 | D:1      | Reached XP level 2. HP: 19/19 MP: 1/5
  1479 | D:2      | Reached skill level 5 in Necromancy
  1479 | D:2      | Reached XP level 3. HP: 24/24 MP: 2/6
  1568 | D:2      | Noticed a phantom
  1689 | D:3      | Noticed a centaur
  1695 | D:3      | Shot with an arrow by a centaur

Illustrated notes

Levels and vault maps discovered:
D:1:      kennysheep_arrival_forest, layout_loops_ring,
          shapermc_ecumenical_altar_mp_ritualfount, chequers_hall_statues_y,
          grunt_decor_mini_mirrors
D:2:      layout_loops_ring, serial_co_window_serial,
          co_window_of_opportunity_a, co_window_paths_b, co_window_paths_b,
          co_window_paths_a, co_window_paths_a, co_window_paths_b,
          co_window_cross_1, co_window_corner_a, co_window_corner_a,
          co_window_unsneaky_path_e, co_window_paths_c,
          co_window_of_opportunity_b, glass_columns_c, glass_columns_c,
          glass_columns_c
D:3:      layout_basic, worldfamousw_hep_ancestral_shrine,
          mainiacjoe_sewer_entry_somewhere_in_here_1

Skill      XL: |  1  2 |
---------------+-------+-----
Stealth        | 2 |  2.0
Necromancy     | 5 |  5.1
Dodging        | |  1.9
Spellcasting   | |  2.5

Action                     || total
---------------------------++-------
  Melee: Unarmed           ||     3
         Dagger            ||     2
         Headbutt          ||     1
   Cast: Necrotise         ||    50
 Armour: Robe              ||     9
  Dodge: Dodged            ||     8

Table legend: (Time is in decaauts)
 A = Elapsed time spent in this place.
 B = Non-inter-level travel time spent in this place.
 C = Inter-level travel time spent in this place.
 D = Time resting spent in this place.
 E = Time spent auto-exploring this place.
 F = Levels seen in this place.
 G = Mean time per level.
                   A        B        C        D        E       F      G
               +--------+--------+--------+--------+--------+-----+--------+
         Total |   1693 |   1668 |     25 |      0 |   1498 |   3 |  564.3 |
       Dungeon |   1693 |   1668 |     25 |      0 |   1498 |   3 |  564.3 |
               +--------+--------+--------+--------+--------+-----+--------+

Top non-repeatable levels by time:
     D:1: 1028 daAuts
     D:2: 558 daAuts
     D:3: 106 daAuts
